 Dungeon Crawl Stone Soup version 0.27-a0-1565-gad902ab807 (webtiles) character file.

Game seed: 14244038426280435347

319 Sobieck the Digger (level 6, -5/47 HPs)
             Began as a Formicid Earth Elementalist on July 16, 2021.
             Slain by an orc priest (6 damage)
             ... on level 4 of the Dungeon.
             The game lasted 00:15:35 (5084 turns).

Sobieck the Digger (Formicid Earth Elementalist)    Turns: 5084, Time: 00:15:36

Health: -5/47      AC:  4    Str: 13    XL:     6   Next: 75%
Magic:  6/11       EV: 12    Int: 16    God:
Gold:   183        SH:  0    Dex: 11    Spells: 2/12 levels left

rFire    . . .     SeeInvis +   a - +2 dagger (protect) {short}
rCold    . . .     Faith    .   (no shield)
rNeg     . . .     Spirit   .   b - +0 robe
rPois    .         Reflect  .   (helmet unavailable)
rElec    .         Harm     .   (no cloak)
rCorr    .         Rampage  .   (no gloves)
Will     .....                  k - +1 pair of boots
Stlth    +++.......             (no amulet)
HPRegen  0.15/turn              (no ring)
MPRegen  0.12/turn              (no ring)

@: no status effects
A: permanent stasis, dig shafts and tunnels, antennae 3, four strong arms
a: Dig, Shaft Self


You were on level 4 of the Dungeon.
You visited 1 branch of the dungeon, and saw 5 of its levels.

You collected 183 gold pieces.


Innate Abilities, Weirdness & Mutations

You cannot be hasted, slowed, berserked, paralysed or teleported.
You can dig through walls and to a lower floor.
You have a pair of large antennae on your head. (SInv)
Your four strong arms can wield two-handed weapons with a shield.


   Skills:
 + Level 3.0 Fighting
 - Level 1.7 Dodging
 + Level 4.6 Stealth
 + Level 3.7 Spellcasting
 - Level 2.0 Transmutations
 + Level 5.1 Earth Magic


You had 2 spell levels left.
You knew the following spells:

 Your Spells              Type           Power      Damage    Failure   Level
a - Sandblast             Erth           38%        2d10      2%          1
b - Passwall              Tmut/Erth      11%        N/A       6%          2
c - Stone Arrow           Conj/Erth      22%        3d8       19%         3
d - Petrify               Tmut/Erth      14%        N/A       36%         4

Your spell library contained the following spells:

 Spells                   Type           Power      Damage    Failure   Level
 Pain                     Necr           12%        1d4       17%         1
 Poisonous Vapours        Pois/Air       6%         N/A       26%         2
 Mephitic Cloud           Conj/Pois/Air  3%         N/A       45%         3
 Blade Hands              Tmut           4%         N/A       91%         5
 Irradiate                Conj/Tmut      3%         3d15      97%         5
 Agony                    Necr           3%         N/A       99%         5
 Excruciating Wounds      Necr           1%         N/A       99%         5
 Freezing Cloud           Conj/Ice/Air   1%         6-21      99%         5
 Dragon Form              Tmut           4%         N/A       100%        7

Inventory:

Hand Weapons
 a - a +2 dagger of protection (weapon) {short}
   (You took it off a kobold on level 1 of the Dungeon)
 d - a +0 club {mace}
   (You took it off a goblin on level 1 of the Dungeon)
 e - a +0 short sword {short}
   (You took it off a kobold on level 1 of the Dungeon)
 h - a +0 dagger {short}
   (You took it off a goblin on level 2 of the Dungeon)
 m - a +2 short sword of draining {short}
   (You took it off a kobold on level 1 of the Dungeon)
Missiles
 c - 47 stones {throwing}
 f - 40 bolts
 g - 51 arrows
 q - 20 poisoned darts {throwing}
Armour
 b - a +0 robe (worn)
 k - a +1 pair of boots (worn)
   (You found it on level 1 of the Dungeon)
 l - a +0 pair of boots
   (You found it on level 1 of the Dungeon)
 p - a +0 tower shield
   (You found it on level 1 of the Dungeon)
Magical Staves
 s - a staff of poison {!astaff}
   (You found it on level 3 of the Dungeon)
Scrolls
 i - a scroll of identify {@r1}
 u - a scroll of fog
Potions
 j - a potion of curing {@q1}
 n - a potion of haste {@q3}
 o - a potion of mutation {unknown}
 r - a potion of attraction {unknown}

Dungeon Overview and Level Annotations

Branches:
Dungeon (5/15)
 Temple: D:4-7

Altars:
The Shining One

Shops:
D:4 *

Annotations:
D:3 Pikel
D:4 exclusion: downstairs

.# ##.......# .#
#####...##..# .##
####.....o....# ..###
#.....o..#.#### #...#
#.##..####.# .##<###
##.##.## #.# ......#
###.....# #.o ####...#
#....#### ##.# #
###..###.###.#@# ..
........##.# ##o## ##.
#### #.....###### #{
##........###
####....###...##
####.......#####..#####
.....###....#####.....#
#######..#..........#.#
###.....###.....<...#


You could see an orc priest.


Message History

The orc priest hits you but does no damage.
You hit the orc priest but do no damage.
The orc priest calls down the wrath of Beogh upon you.
Pain shoots through your body! 😮 HP[-4]
You take 4 damage, and now have 24/46 hp.
You hit the orc priest. The orc priest closely misses you.
You hit the orc priest but do no damage.
The orc priest hits you but does no damage.
You hit the orc priest but do no damage.
The orc priest hits you with a +0 club.
* * * LOW HITPOINT WARNING * * *
😨 HP[-2]
You take 2 damage, and now have 22/46 hp.
You hit the orc priest but do no damage.
The orc priest closely misses you.
Unknown command.
You hit the orc priest.
The orc priest calls upon Beogh to heal something.
You hit the orc priest but do no damage.
The orc priest miscasts a cantrip.
You closely miss the orc priest.
The orc priest calls down the wrath of Beogh upon you.
You struggle to resist. 😨 HP[+1]
You hit the orc priest but do no damage.
The orc priest calls down the wrath of Beogh upon you.
Pain shoots through your body!
* * * LOW HITPOINT WARNING * * *
😨 HP[-2]
You take 2 damage, and now have 21/46 hp.
You closely miss the orc priest.
The orc priest looks satisfied for a moment.
You hit the orc priest.
You kill the orc priest!
Your Fighting skill increases to level 3! 😨 HP[+1]
You now have 47 max hp (+1).
You hit the orc priest but do no damage.
The orc priest hits you but does no damage.
You hit the orc priest but do no damage.
The orc priest hits you but does no damage.
You closely miss the orc priest.
The orc priest hits you with a +0 flail.
* * * LOW HITPOINT WARNING * * *
😨 HP[-4]
You take 4 damage, and now have 18/47 hp.
You closely miss the orc priest.
The orc priest invokes the aid of Beogh against you.
Pain shoots through your body!
* * * LOW HITPOINT WARNING * * *
😱 HP[-12]
You take 12 damage, and now have 6/47 hp.
MASSIVE DAMAGE!! (PAUSE) Unknown command.
Casting: Sandblast (safe; 2% risk of failure)
Confirm with . or Enter, or press ? or * to list all spells.
Aiming: Sandblast (safe; 2% risk of failure)
Press: ? - help, Shift-Dir - straight line, f/p - orc priest
Aim: an orc priest, wielding a +0 flail and wearing a +3 ring mail (82% to hit)
The blast of sand hits the orc priest.
The orc priest closely misses you. 😱 MP[-1]
You lost 1 mp, and now have 10/11 mp.
Casting: Sandblast (safe; 2% risk of failure)
Confirm with . or Enter, or press ? or * to list all spells.
Aiming: Sandblast (safe; 2% risk of failure)
Press: ? - help, Shift-Dir - straight line, f/p - orc priest
Aim: an orc priest, wielding a +0 flail and wearing a +3 ring mail (moderately wounded, 82% to hit)
The blast of sand hits the orc priest but does no damage.
The orc priest barely misses you. 😱 MP[-1]
You lost 1 mp, and now have 9/11 mp.
Casting: Sandblast (safe; 2% risk of failure)
Confirm with . or Enter, or press ? or * to list all spells.
Aiming: Sandblast (safe; 2% risk of failure)
Press: ? - help, Shift-Dir - straight line, f/p - orc priest
Aim: an orc priest, wielding a +0 flail and wearing a +3 ring mail (moderately wounded, 82% to hit)
The blast of sand misses the orc priest.
The orc priest hits you but does no damage. 😱 HP[+1] MP[-1]
You lost 1 mp, and now have 8/11 mp.
Casting: Sandblast (safe; 2% risk of failure)
Confirm with . or Enter, or press ? or * to list all spells.
Aiming: Sandblast (safe; 2% risk of failure)
Press: ? - help, Shift-Dir - straight line, f/p - orc priest
Aim: an orc priest, wielding a +0 flail and wearing a +3 ring mail (moderately wounded, 82% to hit)
The blast of sand hits the orc priest but does no damage.
The orc priest hits you with a +0 flail.
* * * LOW HITPOINT WARNING * * *
😱 HP[-6] MP[-1]
You take 6 damage, and now have 1/47 hp.
You lost 1 mp, and now have 7/11 mp.
Casting: Sandblast (safe; 2% risk of failure)
Confirm with . or Enter, or press ? or * to list all spells.
Aiming: Sandblast (safe; 2% risk of failure)
Press: ? - help, Shift-Dir - straight line, f/p - orc priest
Aim: an orc priest, wielding a +0 flail and wearing a +3 ring mail (moderately wounded, 82% to hit)
The blast of sand hits the orc priest but does no damage.
The orc priest hits you with a +0 flail.
You die...

Skill      XL: |  1  2  3  4  5  6 |
---------------+-------------------+-----
Fighting       | 1 2 3 |  3.0
Stealth        | 3 4 |  4.6
Earth Magic    | 4 5 |  5.1
Transmutations | 2 |  2.0
Spellcasting   | 3 |  3.7
Dodging        | |  1.7

Action                   |  1- 3 |  4- 6 || total
-------------------------+-------+-------++-------
Melee: Club              |     9 |       ||     9
       Short sword       |    46 |       ||    46
       Dagger            |    34 |   240 ||   274
 Cast: Sandblast         |    11 |    37 ||    48
       Passwall          |     7 |    17 ||    24
 Abil: Dig               |     5 |     4 ||     9
  Use: Scroll            |       |     5 ||     5
 Stab: Sleeping          |     8 |    18 ||    26
Armor: Robe              |    21 |    88 ||   109
Dodge: Dodged            |    56 |   130 ||   186

Levels and vault maps discovered:
D:1:      dpeg_arrival_court, layout_loops_corners, minmay_split_cup_large
D:2:      layout_basic, basic_altar, minmay_tromino_v4_b
D:3:      minmay_angry_zag, layout_loops_cross,
          shapermc_ecumenical_altar_acropolis, minmay_misc_feat_diagonals
D:4:      layout_rooms, serial_shops, shop_coins, nrook_loot_triangle,
          uniq_pikel
D:5:      minmay_clustersquares, layout_cave_pools,
          minmay_temple_entry_nine_rooms, chequers_serial_rivers_micro_a

Notes
Turn   | Place    | Note
-------+----------+-------------------------------------------
     0 | D:1      | Sobieck the Formicid Earth Elementalist began the quest for
                  | the Orb.
     0 | D:1      | Reached XP level 1. HP: 13/13 MP: 3/3
     0 | D:1      | magus.rc [v1.9.6]
   166 | D:1      | Reached XP level 2. HP: 20/20 MP: 3/5
   370 | D:1      | Learned a level 2 spell: Passwall
   716 | D:1      | Reached skill level 1 in Fighting
   716 | D:1      | Reached skill level 3 in Stealth
   716 | D:1      | Reached skill level 4 in Earth Magic
   716 | D:1      | Reached XP level 3. HP: 19/26 MP: 4/6
   934 | D:1      | You pick up a book of Pain and begin reading...
   934 | D:1      | You add the spells Pain, Agony and Excruciating Wounds to
                  | your library.
  1514 | D:1      | Reached XP level 4. HP: 30/32 MP: 6/8
  1529 | D:1      | Learned a level 3 spell: Stone Arrow
  2107 | D:2      | Reached skill level 2 in Transmutations
  2404 | D:2      | Found a glowing golden altar of the Shining One.
  2983 | D:3      | You pick up a book of Vapours and begin reading...
  2983 | D:3      | You add the spells Poisonous Vapours, Mephitic Cloud and
                  | Freezing Cloud to your library.
  3139 | D:3      | Reached skill level 3 in Spellcasting
  3160 | D:3      | Reached XP level 5. HP: 38/38 MP: 9/9
  3211 | D:3      | Learned a level 4 spell: Petrify
  3242 | D:3      | Reached skill level 2 in Fighting
  3414 | D:3      | Found a faded altar of an unknown god.
  3615 | D:4      | You pick up a book of Transfigurations {@e2} and begin
                  | reading...
  3615 | D:4      | You add the spells Irradiate, Blade Hands and Dragon Form
                  | to your library.
  3626 | D:4      | Reached skill level 4 in Stealth
  3647 | D:5      | Entered Level 5 of the Dungeon
  3667 | D:3      | Reached XP level 6. HP: 32/46 MP: 11/11
  4056 | D:4      | Reached skill level 5 in Earth Magic
  4208 | D:5      | Noticed a black bear
  4208 | D:5      | Noticed a necrophage
  4208 | D:5      | Noticed an orc warrior
  4279 | D:4      | Noticed Pikel
  4296 | D:4      | Found Limuimel's Assorted Antiques.
  5076 | D:4      | Reached skill level 3 in Fighting
  5079 | D:4      | HP: 6/47 [orc priest/nerve-wracking pain (12)]
  5083 | D:4      | HP: 1/47 [orc priest (6)]
  5084 | D:4      | Slain by an orc priest

Vanquished Creatures
  3 lemures
  A scorpion (D:4)
  2 orc priests (D:4)
  A hound (D:3)
  An orc wizard (D:4)
  A hound skeleton (D:4)
  A gnoll (D:1)
  3 adders
  4 worms
  A dart slug (D:1)
  3 orcs
  6 ball pythons
  6 bats
  7 endoplasms
  4 giant cockroaches
  5 goblins
  3 hobgoblins
  10 jackals
  10 kobolds
  4 quokkas
  2 frilled lizards (D:1)
  4 rats
82 creatures vanquished.

Vanquished Creatures (others)
  2 fungi (D:3)
  A plant (D:3)
3 creatures vanquished.

Grand Total: 85 creatures vanquished

Table legend:
 A = Non-vault XP
 B = Vault XP
 C = Vault XP percentage of total XP
 D = Non-vault monster count
 E = Vault monster count
 F = Vault count percentage of total count
                 A         B        C        D         E       F
            +---------+---------+-------+---------+---------+-------
      Total |     430 |      27 |   5.9 |      67 |      12 |  15.2
            +---------+---------+-------+---------+---------+-------
        D:1 |      65 |       7 |   9.7 |      30 |       4 |  11.8
        D:2 |      29 |       7 |  19.4 |       8 |       2 |  20.0
        D:3 |      90 |      13 |  12.6 |      16 |       6 |  27.3
        D:4 |     246 |       0 |   0.0 |      13 |       0 |   0.0
            +---------+---------+-------+---------+---------+-------

Illustrated notes

Table legend:
 A = Kills in this place as a percentage of kills in entire the game.
 B = Kills by you in this place as a percentage of kills by you in the entire game.
 C = Kills by friends in this place as a percentage of kills by friends in the entire game.
 D = Other kills in this place as a percentage of other kills in the entire game.
 E = Experience gained in this place as a percentage of experience gained in the entire game.
 F = Experience gained in this place divided by the number of levels of this place that you have seen.
                   A       B       C       D       E      F
               +-------+-------+-------+-------+-------+----------------------
         Total | 100.0 | 100.0 |   N/A |   N/A | 100.0 |  91.4
       Dungeon | 100.0 | 100.0 |   N/A |   N/A | 100.0 |  91.4
               +-------+-------+-------+-------+-------+----------------------

Table legend: (Time is in decaauts)
 A = Elapsed time spent in this place.
 B = Non-inter-level travel time spent in this place.
 C = Inter-level travel time spent in this place.
 D = Time resting spent in this place.
 E = Time spent auto-exploring this place.
 F = Levels seen in this place.
 G = Mean time per level.
                   A        B        C        D        E       F      G
               +--------+--------+--------+--------+--------+-----+--------+
         Total |   5108 |   4869 |    239 |   1949 |   1573 |   5 | 1021.6 |
       Dungeon |   5108 |   4869 |    239 |   1949 |   1573 |   5 | 1021.6 |
               +--------+--------+--------+--------+--------+-----+--------+

Top non-repeatable levels by time:
     D:1: 1999 daAuts
     D:3: 1167 daAuts
     D:2: 990 daAuts
     D:4: 941 daAuts
     D:5: 9 daAuts
